Map: Neon Violet Square LE

Players

Despota

  • Race: Terran Terran
  • Spawn Location: 11:00

SamuraiFunn - Winner!

  • Race: Protoss Protoss
  • League: Platinum
  • Spawn Location: 5:00

VOD

Have the link to the VOD?

Description

Time

  • Played on: Nov. 26, 2017, 11:34 a.m.
  • Length: 12:52
Show
View Real Time Build Order
Export as new Build Order

Despota Terran 

Build Orders:  

Get SALT Encoding   

  12  0:18  Supply Depot  
  12  0:20  SCV  
  13  0:32  SCV  
  14  0:44  SCV  
  15  0:51  Barracks  
  15  0:58  Refinery  
  15  1:09  SCV  
  16  1:22  SCV  
  17  1:37  SCV  
  18  1:43  Bunker  
  18  1:45  Marine  
  19  1:49  SCV  
  20  2:01  SCV  
  20  2:02  Marine  
  20  2:07  Supply Depot  
  22  2:20  Marine  
  23  2:24  Bunker  
  23  2:35  Supply Depot  
  23  2:38  Marine  
  24  2:45  Refinery  
  24  2:56  Marine  
  25  3:02  Factory  
  25  3:08  Supply Depot  
  25  3:14  Marine  
  26  3:28  SCV  
  26  3:32  Marine  
  28  3:40  SCV  
  29  3:44  Supply Depot  
  29  3:49  Marine  
  29  3:52  Factory Tech Lab  
  30  4:07  Engineering Bay  
  30  4:13  Siege Tank  
  33  4:34  Missile Turret  
  33  4:39  Missile Turret  
  33  4:44  Barracks Tech Lab  
  33  4:45  Siege Tank  
  36  5:02  Terran Infantry Weapons Level 1  
  36  5:12  Armory  
  36  5:15  Orbital Command  
  36  5:27  Missile Turret  
  36  5:53  Missile Turret  
  36  6:07  Missile Turret  
  36  6:19  Marine  
  37  6:27  Terran Vehicle Weapons Level 1  
  37  6:37  Marine  
  38  6:45  Bunker  
  38  6:55  Marine  
  39  7:04  Terran Infantry Armor Level 1  
  39  7:12  Marine  
  40  7:18  Missile Turret  
  40  7:30  Marine  
  40  7:48  Marine  
  40  8:03  Siege Tank  
  43  8:06  Marine  
  44  8:24  Marine  
  45  8:36  Siege Tank  
  45  8:38  Terran Vehicle And Ship Armor Level 1  
  48  8:42  Marine  
  49  8:58  Building Armor  
  49  8:59  Marine  
  45  9:17  Marine  
  39  9:30  Siege Tank  
  42  9:35  Marine  
  43  9:53  Marine  
  44  10:11  Marine  
  45  10:28  Marine  
  46  10:46  Marine  
  47  11:04  Marine, Bunker  
  48  11:14  Bunker  
  48  11:22  Marine  
  49  11:40  Marine  
  27  11:57  Marine  
Show
View Real Time Build Order
Export as new Build Order

SamuraiFunn Protoss - Winner!

Build Orders:  

Get SALT Encoding   

  12  0:01  Probe  
  13  0:13  Probe  
  14  0:20  Pylon  
  14  0:25  Probe  
  15  0:38  Probe  
  16  0:48  Gateway  
  16  0:50  Probe  
  16  0:57  Assimilator  
  17  1:02  Probe (Chrono Boost)  
  19  1:15  Probe (Chrono Boost)  
  19  1:17  Assimilator  
  20  1:18  Probe  
  20  1:30  Probe  
  21  1:45  Gateway  
  21  1:52  Probe  
  22  2:04  Probe  
  22  2:16  Probe  
  23  2:25  Cybernetics Core  
  23  2:34  Nexus  
  23  2:38  Pylon  
  23  2:56  Probe  
  24  2:59  Pylon  
  24  3:04  Adept  
  26  3:08  Probe  
  26  3:12  Sentry  
  29  3:20  Probe  
  29  3:21  Warp Gate (Chrono Boost)  
  30  3:27  Gateway  
  30  3:32  Probe  
  31  3:37  Pylon  
  31  3:46  Probe  
  31  3:47  Probe  
  33  3:55  Stalker x2  
  37  4:02  Robotics Facility  
  37  4:03  Probe x2  
  39  4:15  Probe x2  
  41  4:19  Stalker  
  43  4:25  Sentry  
  43  4:27  Probe  
  43  4:28  Probe  
  47  4:35  Assimilator  
  47  4:40  Probe x2  
  49  4:52  Probe x2  
  51  5:04  Probe x2  
  51  5:05  Observer  
  54  5:18  Gateway, Probe  
  54  5:19  Probe  
  54  5:20  Gateway  
  56  5:26  Observer  
  57  5:29  Assimilator  
  57  5:31  Probe x2  
  57  5:34  Stalker  
  61  5:41  Pylon  
  61  5:45  Probe  
  62  5:51  Pylon  
  62  5:54  Pylon  
  62  5:59  Probe, Warp Prism  
  62  6:02  Probe  
  66  6:05  Stalker x2  
  70  6:11  Probe, Forge  
  70  6:14  Forge  
  71  6:18  Pylon  
  71  6:22  Pylon  
  71  6:24  Probe x2  
  73  6:26  Twilight Council  
  73  6:27  Stalker x3  
  73  6:28  Stalker  
  73  6:30  Stalker  
  83  6:44  Probe x2  
  85  6:56  Probe x2  
  87  7:03  Nexus  
  87  7:06  Assimilator  
  87  7:08  Probe x2  
  89  7:09  Assimilator  
  89  7:12  Pylon  
  89  7:15  Pylon  
  89  7:25  Stalker x4  
  89  7:26  Stalker  
  97  7:57  Stalker x3  
  103  7:58  Stalker  
  103  7:59  Stalker  
  107  8:23  Nexus  
  107  8:27  Assimilator  
  107  8:31  Assimilator  
  107  8:33  Protoss Ground Armor Level 1 (Chrono Boost), Protoss Ground Weapons Level 1 (Chrono Boost), Probe  
  107  8:34  Probe  
  109  8:35  Pylon  
  109  8:37  Stalker  
  109  8:38  Pylon, Stalker x4  
  119  8:45  Probe  
  120  8:54  Immortal  
  124  9:02  Gateway  
  124  9:03  Gateway  
  124  9:05  Gateway  
  124  9:07  Gateway  
  118  9:37  Blink (Chrono Boost)  
  118  9:43  Immortal  
  122  9:58  Stalker x3  
  122  9:59  Stalker x2  
  132  10:00  Stalker  
  132  10:01  Stalker x2  
  138  10:17  Protoss Shields Level 1 (Chrono Boost)  
  138  10:20  Stalker  
  140  10:22  Immortal  
  140  10:23  Protoss Ground Weapons Level 2 (Chrono Boost)  
  140  10:46  Stalker x2  
  140  10:47  Stalker  
  140  10:48  Stalker x4  
  140  10:49  Stalker x2  
  158  11:13  Stalker  
  158  11:14  Stalker x2  
  164  11:21  Pylon  
  164  11:23  Pylon x2  
  164  11:25  Pylon  
  164  11:27  Pylon  
  144  11:57  Observer  
  140  12:29  Stalker x2  
  144  12:30  Stalker x2  
  144  12:31  Stalker  
  144  12:32  Stalker x3  
  144  12:33  Stalker  
Tags
 
Add a new tag
Caveats
  • Supply blocks, unpowered buildings, or Contaminate may cause inaccurate times.
  • Supply counts are checked every 10 seconds.